 Dungeon Crawl Stone Soup version 0.19.4-12-gccf7e64 (webtiles) character file.

67 vatarom the Conjurer (level 4, -2/27 HPs)
             Began as an Octopode Wizard on Feb 27, 2017.
             Killed from afar by an orc wizard (10 damage)
             ... with a magic dart
             ... on level 3 of the Dungeon.
             The game lasted 00:05:52 (3333 turns).

vatarom the Conjurer (Octopode Wizard)              Turns: 3333, Time: 00:05:53

Health: -2/27      AC:  3    Str:  7    XL:     4   Next: 18%
Magic:  7/7        EV: 13    Int: 22    God:
Gold:   146        SH:  0    Dex: 12    Spells: 4 memorised, 1 level left

rFire  x . .     SeeInvis .     (no weapon)
rCold  + . .     Gourm    .     (no shield)
rNeg   . . .     Faith    .     a - +2 hat
rPois  .         Spirit   .     f - amulet of magic regeneration
rElec  .         Reflect  .     h - ring of ice
rCorr  .         Harm     .     (no ring)
MR     .....     Clarity  +     (no ring)
Stlth  +++.......               (no ring)
                                (no ring)
                                (no ring)
                                (no ring)
                                (no ring)

@: lethally poisoned (-2 -> -4)
A: almost no armour, stealthy swim, amphibious, 8 rings, constrict 8, camouflage
1, agile 1, clarity, clever 1, low mp 1, gelatinous body 1
a: no special abilities


You were on level 3 of the Dungeon.
You were not hungry.

You visited 1 branch of the dungeon, and saw 3 of its levels.

You collected 146 gold pieces.

Inventory:

Hand Weapons
 d - a +1 mace of crushing
Armour
 a - a +2 hat (worn)
Jewellery
 f - an amulet of magic regeneration (around mantle)
 h - a ring of ice (left tentacle)
Scrolls
 g - a scroll of identify
 j - a scroll of teleportation
 k - a scroll of remove curse
 m - a scroll of enchant armour
Potions
 c - 2 potions of resistance
 e - a potion of lignification {unknown}
 n - a potion of curing
 o - a potion of flight {unknown}
Books
 b - a book of Minor Magic

   Spells                             Type                      Level
   a - Magic Dart                     Conjuration                  1
   b - Blink                          Translocation                2
   c - Call Imp                       Summoning                    2
   d - Repel Missiles                 Charms/Air                   2
   e - Slow                           Hexes                        2
   f - Conjure Flame                  Conjuration/Fire             3
   g - Mephitic Cloud                 Conjuration/Poison/Air       3


   Skills:
 - Level 2.0 Dodging
 - Level 2.6 Stealth
 - Level 3.0 Spellcasting
 - Level 3.1 Conjurations
 - Level 1.0 Summonings
   Level 1.0 Translocations
 * Level 2.0 Air Magic


You had one spell level left.
You knew the following spells:

 Your Spells              Type           Power        Failure   Level  Hunger
a - Magic Dart            Conj           ###.         4%          1    None
b - Call Imp              Summ           #.......     14%         2    ##.....
c - Mephitic Cloud        Conj/Pois/Air  ##......     21%         3    ###....
d - Repel Missiles        Chrm/Air       #.....       14%         2    ##.....


Dungeon Overview and Level Annotations

Branches:
Dungeon (3/15)

Altars:


Innate Abilities, Weirdness & Mutations

You cannot wear most types of armour.
You are very stealthy in the water. (Stealth+)
You are amphibious.
You can wear up to eight rings at the same time.
You can use your tentacles to constrict eight enemies at once.
Your skin changes colour to match your surroundings (Stealth+).
Your rubbery body absorbs attacks. (AC +1, EV +1)
You are agile. (Dex +2)
You possess an exceptional clarity of mind.
Your mind is acute. (Int +2)
Your magical capacity is low. (-10% MP)


Message History

The orc wizard points at you and mumbles some strange words.
The magic dart hits you! The adder bites you but does no damage.
The bat misses you. The adder closely misses you. The bat misses you.
The bat misses you. The adder bites you.
You are poisoned.
The adder poisons you!
You feel sick. The bat misses you.
Found a dagger.
The bat barely misses you. The orc wizard misses you.
The bat completely misses you. The orc hits you.
You feel sick. The bat hits you but does no damage. The bat hits you.
* * * LOW HITPOINT WARNING * * *
The orc wizard hits you but does no damage.
The bat barely misses you.
There is a stone staircase leading up here.
The bat closely misses you.
The orc wizard points at you and mumbles some strange words.
The magic dart hits you!
You die...

#.##........# ...)
#.!#........### .....
#............##...... .
#...................#
..##..).....%.#.........
................$.......
.....#).......[.#.......
..#..#<....#..oS##.....#
. #..........b.o@....>..
##.......#........###.
#..#...########..##
#..##.... .## #...
##.#.. .. #.# ...... ..#
#. #..... .## # #.... .#


You could see an orc wizard, an adder, an orc and a bat.

Vanquished Creatures
  An adder (D:2)
  4 leopard geckos
  2 orcs (D:3)
  A ball python (D:1)
  3 bats
  2 giant cockroaches (D:1)
  2 hobgoblins
  4 kobolds (D:1)
  2 quokkas
  A frilled lizard (D:2)
  6 goblins
  4 rats
32 creatures vanquished.

Vanquished Creatures (collateral kills)
  An adder (D:2)
  A ball python (D:2)
  3 bats
  3 giant cockroaches
  A goblin (D:1)
  3 hobgoblins
  4 kobolds (D:1)
  3 frilled lizards
19 creatures vanquished.

Grand Total: 51 creatures vanquished

Notes
Turn   | Place    | Note
-------+----------+-------------------------------------------
     0 | D:1      | vatarom the Octopode Wizard began the quest for the Orb.
     0 | D:1      | Reached XP level 1. HP: 11/11 MP: 4/4
   430 | D:1      | Reached XP level 2. HP: 17/17 MP: 3/6
   498 | D:1      | Learned a level 2 spell: Call Imp
   553 | D:1      | Gained mutation: You evolve. [potion of mutation]
   553 | D:1      | Gained mutation: You tend to lose your temper in combat. [potion of mutation]
   553 | D:1      | Gained mutation: Your magical capacity is low. (-10% MP) [potion of mutation]
   588 | D:1      | Lost mutation: You tend to lose your temper in combat. [potion of mutation]
   588 | D:1      | Gained mutation: Your mind is acute. (Int +2) [potion of mutation]
   588 | D:1      | Gained mutation: You are agile. (Dex +2) [potion of mutation]
   896 | D:1      | Gained mutation: You possess an exceptional clarity of mind. [evolution]
   896 | D:1      | Lost mutation: You evolve. [end of evolution]
  1473 | D:1      | Reached XP level 3. HP: 11/21 MP: 3/6
  2287 | D:2      | Learned a level 3 spell: Mephitic Cloud
  2567 | D:2      | Reached skill level 1 in Air Magic
  2767 | D:2      | Learned a level 2 spell: Repel Missiles
  2774 | D:2      | Reached XP level 4. HP: 27/27 MP: 2/7
  3333 | D:3      | Killed from afar by an orc wizard

Skill      XL: |  1  2  3  4 |
---------------+-------------+-----
Conjurations   | 2 3 |  3.1
Air Magic      | 1 2 |  2.0
Dodging        | |  2.0
Stealth        | |  2.6
Spellcasting   | |  3.0
Summonings     | |  1.0
Translocations | |  1.0

Action                   |  1- 3 |  4- 6 || total
-------------------------+-------+-------++-------
Melee: Mace              |     6 |       ||     6
       Unarmed           |    70 |    19 ||    89
       Tentacles         |    14 |     3 ||    17
       Constrict         |    23 |     5 ||    28
 Cast: Magic Dart        |    11 |     3 ||    14
       Call Imp          |    22 |     1 ||    23
       Mephitic Cloud    |     3 |     3 ||     6
  Use: Scroll            |     8 |       ||     8
       Potion            |     5 |     1 ||     6
 Stab: Sleeping          |     3 |     1 ||     4
       Distracted        |     1 |       ||     1
  Eat: Chunk             |     2 |       ||     2
       Bread ration      |     1 |       ||     1
       Meat ration       |       |     1 ||     1
Armor: Skin              |    15 |    10 ||    25
Dodge: Dodged            |    58 |    35 ||    93
